SL
NASHVILLE OUTLAWS @ ST. LOUIS COEUR
09/21/2034
 
TOP OF THE 1ST
Nashville Outlaws batting - Pitching for St. Louis Coeur : RHP Zaki Fakhiri
Pitching: RHP Zaki Fakhiri
Batting: RHB Elia Amberezzio 0-0: Fly out, F9 (Flyball, 9D)
Batting: LHB Salvador Ramírez 0-0: Ground out 6-3 (Groundball, 6)
Batting: RHB Jerry Yates 0-0: Ball
1-0: Ball
2-0: Foul Ball, location: 2F
2-1: Ball
3-1: Base on Balls
Batting: LHB Mario Ramos 0-0: Ball
1-0: Swinging Strike
1-1: Ball
2-1: Ground out U3 (Groundball, 3S)
Top of the 1st over - 0 runs, 0 hits, 0 errors, 1 left on base; Nashville 0 - St. Louis 0
BOTTOM OF THE 1ST
St. Louis Coeur batting - Pitching for Nashville Outlaws : RHP Ángel Rosas
Pitching: RHP Ángel Rosas
Batting: LHB Noel Ballard 0-0: Called Strike
0-1: Ball
1-1: Called Strike
1-2: Foul Ball, location: 2F
1-2: Ball
2-2: Ball
3-2: Base on Balls
Batting: RHB Raúl Ortíz 0-0: Ball
1-0: Ball
2-0: Called Strike
2-1: Foul Ball, location: 2F
2-2: Ball
3-2: Foul Ball, location: 2F
3-2: Ground out 6-3 (Groundball, 6S)
Noel Ballard to second
Now at SS: Bryan Clifton
Batting: RHB Nobuhisa Murakami 0-0: Ball
1-0: Foul Ball, location: 2F
1-1: Ground out 5-3 (Groundball, 56)
Batting: RHB Syed Sarkar 0-0: 2-RUN HOME RUN (Flyball, 7LD), Distance : 377 ft
Batting: RHB Silvio Bonauiti 0-0: Ground out 4-3 (Groundball, 4)
Bottom of the 1st over - 2 runs, 1 hit, 0 errors, 0 left on base; Nashville 0 - St. Louis 2
TOP OF THE 2ND
Nashville Outlaws batting - Pitching for St. Louis Coeur : RHP Zaki Fakhiri
Batting: LHB Nathan Tanner 0-0: SINGLE (Flyball, 8RS)
Batting: LHB Bora Garasanin 0-0: Called Strike
0-1: Fly out, F7 (Flyball, 78S)
Batting: RHB Orlando Reyes 0-0: Called Strike
0-1: Swinging Strike
0-2: Ball
1-2: Foul Ball, location: 2F
1-2: Foul Ball, location: 2F
1-2: Ball
2-2: SINGLE (Flyball, 78S)
Nathan Tanner to second
Batting: LHB Juan Caro 0-0: Ball
1-0: Swinging Strike
1-1: Ball
2-1: Ball
3-1: Fielders Choice at 2nd, 5-4 (Groundball, 56)
Nathan Tanner to third
Batting: RHB Arnold Giroux 0-0: Ball
1-0: Foul Ball, location: 2F
1-1: Ball
2-1: Ball
3-1: Called Strike
3-2: Strikes out swinging
Top of the 2nd over - 0 runs, 2 hits, 0 errors, 2 left on base; Nashville 0 - St. Louis 2
BOTTOM OF THE 2ND
St. Louis Coeur batting - Pitching for Nashville Outlaws : RHP Ángel Rosas
Batting: RHB Tumas Wenzu 0-0: Ball
1-0: Ball
2-0: Foul Ball, location: 2F
2-1: Ball
3-1: Base on Balls
Batting: RHB Carl Herbert 0-0: Ball
1-0: Foul Ball, location: 2F
1-1: Foul Ball, location: 2F
1-2: Strikes out swinging
Batting: LHB Kade Eagleton 0-0: Called Strike
0-1: Grounds into double play, 4-6-3 (Groundball, 34)
Bottom of the 2nd over - 0 runs, 0 hits, 0 errors, 0 left on base; Nashville 0 - St. Louis 2
TOP OF THE 3RD
Nashville Outlaws batting - Pitching for St. Louis Coeur : RHP Zaki Fakhiri
Batting: RHB Bryan Clifton 0-0: Called Strike
0-1: Fly out, F9 (Flyball, 89M)
Batting: LHB Salvador Ramírez 0-0: Ball
1-0: Ground out 6-3 (Groundball, 6M)
Batting: RHB Jerry Yates 0-0: Ball
1-0: Called Strike
1-1: Fly out, F8 (Flyball, 8LS)
Top of the 3rd over - 0 runs, 0 hits, 0 errors, 0 left on base; Nashville 0 - St. Louis 2
BOTTOM OF THE 3RD
St. Louis Coeur batting - Pitching for Nashville Outlaws : RHP Ángel Rosas
Batting: RHB José Santos 0-0: Called Strike
0-1: Foul Ball, location: 2F
0-2: SINGLE (Line Drive, 56D)
Batting: LHB Noel Ballard 0-0: Foul Ball, location: 2F
0-1: Ball
1-1: Ball
2-1: SINGLE (Line Drive, 56D)
José Santos to second
Batting: RHB Raúl Ortíz 0-0: Ball
1-0: Ball
2-0: Foul Ball, location: 2F
2-1: Called Strike
2-2: Foul Ball, location: 2F
2-2: Ball
3-2: Strikes out looking
Batting: RHB Nobuhisa Murakami 0-0: SINGLE (Line Drive, 8LS)
José Santos to third
Noel Ballard to second
Batting: RHB Syed Sarkar 0-0: Called Strike
0-1: Called Strike
0-2: Ball
Balk!
José Santos scores
Noel Ballard to third
Nobuhisa Murakami to second
1-2: DOUBLE (Line Drive, 7LM)
Noel Ballard scores
Nobuhisa Murakami scores
Batting: RHB Silvio Bonauiti 0-0: Foul Ball, location: 2F
0-1: Ground out 5-3 (Groundball, 56S)
Syed Sarkar to third
Batting: RHB Tumas Wenzu 0-0: Foul Ball, location: 2F
0-1: Ball
1-1: Swinging Strike
1-2: Foul Ball, location: 2F
1-2: Ball
2-2: Ball
3-2: Foul Ball, location: 2F
3-2: Ground out 6-3 (Groundball, 56)
Bottom of the 3rd over - 3 runs, 4 hits, 0 errors, 1 left on base; Nashville 0 - St. Louis 5
TOP OF THE 4TH
Nashville Outlaws batting - Pitching for St. Louis Coeur : RHP Zaki Fakhiri
Batting: LHB Mario Ramos 0-0: Ball
1-0: Foul Ball, location: 2F
1-1: Foul Ball, location: 2F
1-2: Fly out, F7 (Flyball, 78D)
Batting: LHB Nathan Tanner 0-0: Ball
1-0: Foul Ball, location: 2F
1-1: Fly out, F7 (Flyball, 7S)
Batting: LHB Bora Garasanin 0-0: Foul Ball, location: 2F
0-1: Ball
1-1: Foul Ball, location: 2F
1-2: Foul Ball, location: 2F
1-2: Strikes out swinging
Top of the 4th over - 0 runs, 0 hits, 0 errors, 0 left on base; Nashville 0 - St. Louis 5
BOTTOM OF THE 4TH
St. Louis Coeur batting - Pitching for Nashville Outlaws : RHP Ángel Rosas
Batting: RHB Carl Herbert 0-0: Ball
1-0: Called Strike
1-1: Foul Ball, location: 2F
1-2: Ball
2-2: Strikes out swinging
Batting: LHB Kade Eagleton 0-0: Fly out, F8 (Flyball, 8LD)
Batting: RHB José Santos 0-0: Ball
1-0: Ball
2-0: Ball
3-0: Called Strike
3-1: Foul Ball, location: 2F
3-2: SINGLE (Line Drive, 7S)
Batting: LHB Noel Ballard 0-0: Called Strike
José Santos steals 2nd base
0-1: Swinging Strike
0-2: Strikes out looking
Bottom of the 4th over - 0 runs, 1 hit, 0 errors, 1 left on base; Nashville 0 - St. Louis 5
TOP OF THE 5TH
Nashville Outlaws batting - Pitching for St. Louis Coeur : RHP Zaki Fakhiri
Batting: RHB Orlando Reyes 0-0: Called Strike
0-1: Ball
1-1: Swinging Strike
1-2: Ball
2-2: Ball
3-2: Foul Ball, location: 2F
3-2: Base on Balls
Batting: LHB Juan Caro 0-0: Ball
1-0: Ball
2-0: Fly out, F8 (Flyball, 8LD)
Batting: RHB Arnold Giroux 0-0: Foul Ball, location: 2F
0-1: Ball
1-1: Ball
2-1: Fly out, F8 (Flyball, 8LXD)
Batting: RHB Bryan Clifton 0-0: Ball
Orlando Reyes steals 2nd base
1-0: Foul Ball, location: 2F
1-1: Ball
2-1: Foul Ball, location: 2F
2-2: Strikes out looking
Top of the 5th over - 0 runs, 0 hits, 0 errors, 1 left on base; Nashville 0 - St. Louis 5
BOTTOM OF THE 5TH
St. Louis Coeur batting - Pitching for Nashville Outlaws : RHP Ángel Rosas
Batting: RHB Raúl Ortíz 0-0: Ball
1-0: Called Strike
1-1: Ball
2-1: Swinging Strike
2-2: Ball
3-2: Foul Ball, location: 2F
3-2: Foul Ball, location: 2F
3-2: Strikes out swinging
Batting: RHB Nobuhisa Murakami 0-0: Ground out 5-3 (Groundball, 5S)
Batting: RHB Syed Sarkar 0-0: Ball
1-0: Ground out 5-3 (Groundball, 56S)
Bottom of the 5th over - 0 runs, 0 hits, 0 errors, 0 left on base; Nashville 0 - St. Louis 5
TOP OF THE 6TH
Nashville Outlaws batting - Pitching for St. Louis Coeur : RHP Zaki Fakhiri
Batting: LHB Salvador Ramírez 0-0: Called Strike
0-1: Ground out 4-3 (Groundball, 4)
Batting: RHB Jerry Yates 0-0: Called Strike
0-1: Ball
1-1: Ball
2-1: Called Strike
2-2: Foul Ball, location: 2F
2-2: Foul Ball, location: 2F
2-2: Ball
3-2: Foul Ball, location: 2F
3-2: Foul Ball, location: 2F
3-2: Fly out, F8 (Flyball, 8RS)
Batting: LHB Mario Ramos 0-0: Called Strike
0-1: Foul Ball, location: 2F
0-2: Ball
1-2: Ball
2-2: Foul Ball, location: 2F
2-2: Ground out 6-3 (Groundball, 6S)
Top of the 6th over - 0 runs, 0 hits, 0 errors, 0 left on base; Nashville 0 - St. Louis 5
BOTTOM OF THE 6TH
St. Louis Coeur batting - Pitching for Nashville Outlaws : RHP Ángel Rosas
Batting: RHB Silvio Bonauiti 0-0: Ball
1-0: Called Strike
1-1: Swinging Strike
1-2: Ball
2-2: Strikes out swinging
Batting: RHB Tumas Wenzu 0-0: Called Strike
0-1: Swinging Strike
0-2: Foul Ball, location: 2F
0-2: Ball
1-2: Strikes out swinging
Batting: RHB Carl Herbert 0-0: Ball
1-0: Ball
2-0: Ball
3-0: Called Strike
3-1: Foul Ball, location: 2F
3-2: Strikes out swinging
Bottom of the 6th over - 0 runs, 0 hits, 0 errors, 0 left on base; Nashville 0 - St. Louis 5
TOP OF THE 7TH
Nashville Outlaws batting - Pitching for St. Louis Coeur : RHP Zaki Fakhiri
Batting: LHB Nathan Tanner 0-0: Ball
1-0: Ball
2-0: Ball
3-0: Called Strike
3-1: Called Strike
3-2: Strikes out looking
Batting: LHB Bora Garasanin 0-0: Foul Ball, location: 2F
0-1: Foul Ball, location: 2F
0-2: Ball
1-2: Foul Ball, location: 2F
1-2: Foul Ball, location: 2F
1-2: Fly out, F9 (Line Drive, 9S)
Batting: RHB Orlando Reyes 0-0: Ground out 1-3 (Groundball, 13)
Top of the 7th over - 0 runs, 0 hits, 0 errors, 0 left on base; Nashville 0 - St. Louis 5
BOTTOM OF THE 7TH
St. Louis Coeur batting - Pitching for Nashville Outlaws : RHP Ángel Rosas
Pitching: RHP Francisco García
Batting: LHB Kade Eagleton 0-0: Ball
1-0: Called Strike
1-1: Foul Ball, location: 2F
1-2: Ball
2-2: Ground out 4-3 (Groundball, 4)
Batting: RHB José Santos 0-0: Ball
1-0: Swinging Strike
1-1: Ball
2-1: Ball
3-1: Base on Balls
Batting: LHB Noel Ballard 0-0: Called Strike
0-1: SINGLE (Flyball, 6D)
José Santos to second
José Santos to third
Batting: RHB Raúl Ortíz 0-0: Ball
1-0: Foul Ball, location: 2F
1-1: Ball
2-1: Ball
3-1: Reached on error, E1 (Groundball, 13)
José Santos scores
Noel Ballard to second
Batting: RHB Nobuhisa Murakami 0-0: Called Strike
0-1: Ball
1-1: Ball
2-1: Foul Ball, location: 2F
2-2: Foul Ball, location: 2F
2-2: Ball
3-2: Strikes out looking
Batting: RHB Syed Sarkar 0-0: Ball
1-0: Ball
2-0: Called Strike
2-1: SINGLE (Line Drive, 6M)
Noel Ballard to third
Raúl Ortíz to second
Batting: RHB Silvio Bonauiti 0-0: Ball
1-0: Called Strike
1-1: Foul Ball, location: 2F
1-2: SINGLE (Flyball, 8RS)
Noel Ballard scores
Raúl Ortíz to third
Syed Sarkar to second
Runner from 3rd tries for Home, SAFE, no throw
Batting: RHB Tumas Wenzu 0-0: Ground out 6-3 (Groundball, 6S)
Bottom of the 7th over - 3 runs, 3 hits, 1 error, 2 left on base; Nashville 0 - St. Louis 8
TOP OF THE 8TH
Nashville Outlaws batting - Pitching for St. Louis Coeur : RHP Zaki Fakhiri
Batting: LHB Juan Caro 0-0: Fly out, F6 (Line Drive, 6)
Batting: RHB Arnold Giroux 0-0: Called Strike
0-1: Called Strike
0-2: Strikes out swinging
Batting: RHB Bryan Clifton 0-0: Called Strike
0-1: SINGLE (Groundball, 34D)
Batting: LHB Salvador Ramírez 0-0: Ball
1-0: Ball
2-0: Called Strike
2-1: Foul Ball, location: 2F
2-2: Ball
3-2: Foul Ball, location: 2F
3-2: Foul Ball, location: 2F
3-2: Fly out, F3 (Popup, 3F)
Top of the 8th over - 0 runs, 1 hit, 0 errors, 1 left on base; Nashville 0 - St. Louis 8
BOTTOM OF THE 8TH
St. Louis Coeur batting - Pitching for Nashville Outlaws : RHP Francisco García
Batting: RHB Carl Herbert 0-0: Foul Ball, location: 2F
0-1: Ball
1-1: Foul Ball, location: 2F
1-2: Strikes out swinging
Batting: LHB Kade Eagleton 0-0: Called Strike
0-1: Ball
1-1: Reached on error, E4 (Groundball, 4)
Batting: RHB José Santos 0-0: Ball
1-0: Foul Ball, location: 2F
1-1: Ball
2-1: Fly out, F8 (Flyball, 8LM)
Batting: LHB Noel Ballard 0-0: Called Strike
0-1: Called Strike
0-2: Ball
1-2: SINGLE (Line Drive, 78M)
Kade Eagleton to second
Batting: RHB Raúl Ortíz 0-0: Foul Ball, location: 2F
0-1: Ball
1-1: Ball
2-1: Foul Ball, location: 2F
2-2: Foul Ball, location: 2F
2-2: Fielders Choice at 2nd, 6-4 (Groundball, 56)
Bottom of the 8th over - 0 runs, 1 hit, 1 error, 2 left on base; Nashville 0 - St. Louis 8
TOP OF THE 9TH
Nashville Outlaws batting - Pitching for St. Louis Coeur : RHP Zaki Fakhiri
Batting: RHB Jerry Yates 0-0: Ball
1-0: Fly out, F7 (Flyball, 7LM)
Batting: LHB Mario Ramos 0-0: Ball
1-0: Ball
2-0: Foul Ball, location: 2F
2-1: Foul Ball, location: 2F
2-2: SOLO HOME RUN (Line Drive, 9LD), Distance : 373 ft
Pitching: RHP Don Blessing
Batting: LHB Nathan Tanner 0-0: Called Strike
0-1: Ball
1-1: Called Strike
1-2: Strikes out swinging
Batting: LHB Bora Garasanin 0-0: Ball
1-0: Ground out 6-3 (Groundball, 6)
Top of the 9th over - 1 run, 1 hit, 0 errors, 0 left on base; Nashville 1 - St. Louis 8
Friday, March 29th, 2019 - OOTP Baseball 18.8 Build 76